Map: Port Aleksander LE

Players

Cham - Winner!

  • Race: Zerg Zerg
  • League: Master
  • Spawn Location: 11:00

Astrea

  • Race: Protoss Protoss
  • League: Grandmaster
  • Spawn Location: 5:00

Event: 2019 WCS Winter Americas

VOD

Have the link to the VOD?

Description

Time

  • Played on: March 23, 2019, 3:33 p.m.
  • Length: 10:24

All games in this series

Show
View Real Time Build Order
Export as new Build Order

Cham Zerg - Winner!

Build Orders: Pool First 

Get SALT Encoding   

  12  0:01  Drone  
  13  0:08  Drone  
  14  0:18  Overlord  
  14  0:36  Drone x2  
  14  0:42  Spawning Pool  
  15  0:45  Drone  
  15  0:48  Extractor  
  15  0:52  Drone  
  16  1:00  Drone  
  17  1:18  Hatchery  
  16  1:28  Zergling x2  
  16  1:29  Zergling x2  
  16  1:30  Zergling x2  
  19  1:42  Queen  
  21  1:54  Overlord  
  21  1:56  Metabolic Boost  
  22  2:01  Zergling x2  
  22  2:15  Zergling x4  
  24  2:26  Queen  
  24  2:28  Zergling x2  
  27  2:30  Zergling x2  
  28  2:37  Zergling x2  
  28  2:41  Zergling x2  
  30  2:50  Zergling x2  
  30  2:54  Zergling x2  
  30  2:57  Zergling x2  
  31  2:59  Zergling x6  
  31  3:01  Queen  
  31  3:04  Zergling x2  
  36  3:13  Overlord  
  35  3:24  Zergling x2  
  35  3:32  Zergling x12  
  38  3:41  Zergling x2  
  38  3:43  Zergling x2  
  37  3:57  Zergling x2  
  37  4:00  Zergling x2  
  37  4:01  Zergling x2  
  39  4:04  Drone  
  38  4:21  Zergling x4  
  38  4:22  Drone  
  37  4:28  Drone  
  38  4:36  Drone x2  
  38  4:37  Drone, Hatchery  
  38  4:38  Drone  
  41  4:41  Drone  
  41  4:46  Drone  
  41  4:47  Drone  
  43  4:53  Drone  
  44  5:00  Overlord  
  44  5:06  Overlord  
  44  5:07  Overlord  
  42  5:16  Drone  
  40  5:21  Drone  
  40  5:22  Drone x5  
  46  5:29  Drone x2  
  46  5:33  Drone  
  46  5:34  Drone x3  
  52  5:40  Overlord  
  52  5:43  Overlord  
  52  5:49  Lair  
  51  5:51  Drone  
  51  5:54  Zergling x4  
  53  5:58  Zergling x2  
  53  6:02  Zergling x2, Roach Warren  
  53  6:03  Extractor x2  
  50  6:06  Zergling x4  
  50  6:08  Zergling x4  
  54  6:13  Zergling x2  
  54  6:14  Zergling x4  
  54  6:17  Zergling x4  
  54  6:18  Zergling x2  
  60  6:20  Drone  
  61  6:28  Drone x2  
  61  6:29  Drone  
  61  6:31  Drone x2  
  61  6:32  Drone x2  
  68  6:37  Drone  
  68  6:38  Drone  
  69  6:44  Drone  
  69  6:45  Drone  
  69  6:46  Drone  
  72  6:50  Glial Reconstitution  
  72  6:53  Drone x3  
  75  6:56  Overseer  
  75  7:00  Drone x4  
  79  7:03  Roach  
  79  7:07  Overlord  
  80  7:10  Overlord  
  80  7:11  Overlord  
  80  7:16  Drone, Overlord  
  80  7:21  Overlord  
  80  7:22  Extractor  
  80  7:23  Extractor  
  80  7:25  Drone x2, Overlord  
  80  7:29  Drone  
  83  7:30  Drone x3  
  83  7:31  Drone  
  83  7:34  Overlord  
  83  7:35  Roach  
  88  7:38  Drone  
  88  7:39  Evolution Chamber  
  88  7:47  Overlord, Roach x3  
  88  7:49  Roach  
  96  7:53  Roach x2  
  96  7:55  Roach  
  96  7:58  Roach x2  
  106  8:01  Overlord  
  106  8:02  Roach  
  107  8:07  Roach x3  
  107  8:10  Zerg Missile Weapons Level 1  
  107  8:11  Drone  
  112  8:15  Nydus Network  
  112  8:17  Roach  
  113  8:20  Roach  
  113  8:21  Roach  
  117  8:32  Roach x3  
  117  8:34  Roach  
  125  8:36  Hatchery  
  125  8:37  Ravager x3  
  125  8:41  Roach x3  
  133  8:45  Roach  
  133  8:46  Roach  
  133  8:47  Roach  
  139  8:53  Nydus Canal  
  139  8:54  Roach  
  135  8:56  Roach  
  135  8:58  Roach x3  
  135  8:59  Roach  
  136  9:03  Roach x2  
  136  9:08  Roach x3  
  144  9:17  Ravager x2  
  144  9:19  Roach x3  
  144  9:22  Roach  
  147  9:25  Roach  
  147  9:26  Overlord  
  147  9:30  Roach x3  
  151  9:32  Nydus Canal  
  151  9:33  Zergling x4  
  148  9:39  Roach x2  
  148  9:44  Roach  
  151  9:46  Nydus Canal  
  151  9:47  Roach  
  151  9:49  Ravager  
  151  9:51  Zergling x2  
  151  9:52  Zergling x12  
  156  9:55  Zergling x2  
Show
View Real Time Build Order
Export as new Build Order

Astrea Protoss 

Build Orders:  

Get SALT Encoding   

  12  0:00  Probe  
  13  0:13  Probe  
  14  0:18  Pylon  
  14  0:24  Probe  
  15  0:32  Probe  
  15  0:37  Gateway  
  15  0:40  Probe  
  16  0:46  Assimilator  
  17  0:50  Probe  
  17  0:55  Assimilator  
  18  0:58  Probe  
  19  1:05  Pylon  
  19  1:06  Probe  
  20  1:17  Probe  
  20  1:24  Cybernetics Core  
  21  1:29  Probe  
  24  1:42  Probe  
  25  1:54  Probe, Sentry  
  26  1:58  Nexus  
  26  2:01  Warp Gate  
  26  2:06  Probe  
  27  2:14  Pylon  
  27  2:17  Sentry  
  27  2:18  Probe  
  30  2:30  Probe  
  31  2:42  Probe  
  31  2:43  Stalker  
  34  2:54  Probe  
  34  2:58  Gateway  
  33  2:59  Gateway  
  33  3:09  Pylon  
  33  3:10  Probe  
  33  3:11  Probe  
  33  3:12  Sentry  
  37  3:22  Probe  
  33  3:30  Probe  
  32  3:35  Shield Battery  
  32  3:47  Stalker  
  28  3:52  Sentry  
  28  4:04  Adept  
  28  4:17  Adept  
  27  4:25  Pylon  
  27  4:26  Probe  
  28  4:35  Adept  
  31  4:38  Probe, Adept  
  33  4:54  Pylon  
  33  5:12  Probe  
  34  5:14  Adept x2  
  34  5:16  Adept  
  38  5:24  Probe  
  39  5:31  Pylon  
  39  5:48  Nexus  
  39  5:55  Probe  
  40  6:00  Sentry x3  
  46  6:04  Probe  
  47  6:12  Pylon  
  47  6:16  Pylon  
  47  6:29  Robotics Facility, Probe  
  47  6:30  Phoenix  
  48  6:33  Sentry  
  50  6:40  Probe  
  51  6:47  Stargate  
  51  6:48  Probe  
  52  6:56  Probe  
  52  6:57  Probe  
  52  6:58  Assimilator  
  52  7:00  Assimilator  
  54  7:05  Probe  
  54  7:06  Phoenix, Probe  
  55  7:09  Stargate  
  55  7:15  Probe x2  
  58  7:23  Probe  
  58  7:27  Probe  
  60  7:30  Phoenix  
  60  7:34  Probe  
  63  7:39  Probe  
  64  7:46  Probe  
  64  7:51  Probe  
  66  7:53  Phoenix  
  66  7:54  Phoenix  
  71  7:58  Probe  
  71  7:59  Pylon  
  71  8:03  Probe  
  72  8:10  Phoenix  
  72  8:11  Phoenix  
  73  8:13  Phoenix, Pylon  
  73  8:14  Pylon  
  77  8:23  Stargate  
  77  8:26  Protoss Air Weapons Level 1  
  76  8:30  Shield Battery  
  76  8:34  Shield Battery  
  76  8:36  Phoenix  
  78  8:42  Adept  
  78  8:48  Phoenix  
  82  8:56  Adept  
  82  8:57  Adept  
  82  9:01  Phoenix  
  86  9:07  Adept  
  90  9:10  Void Ray  
  90  9:28  Pylon  
  90  9:29  Pylon  
  80  9:33  Pylon  
Tags
 
Add a new tag
Caveats
  • Supply blocks, unpowered buildings, or Contaminate may cause inaccurate times.
  • Supply counts are checked every 10 seconds.